Map: Dreamcatcher LE

Players

Mana - Winner!

  • Race: Protoss Protoss
  • Spawn Location: 11:00

Raze

  • Race: Protoss Protoss
  • Spawn Location: 5:00

Event: WCS Montreal 2018

VOD

Have the link to the VOD?

Description

Time

  • Played on: Sept. 7, 2018, 1:31 p.m.
  • Length: 9:23

All games in this series

Show
View Real Time Build Order
Export as new Build Order

Mana Protoss - Winner!

Build Orders: Zealot Archon 

Get SALT Encoding   

  12  0:00  Probe  
  13  0:12  Probe  
  14  0:17  Pylon  
  14  0:23  Probe  
  15  0:32  Probe  
  15  0:38  Gateway  
  15  0:40  Probe  
  16  0:47  Assimilator  
  17  0:50  Probe  
  17  0:55  Assimilator  
  18  0:58  Probe  
  19  1:06  Probe  
  19  1:08  Gateway  
  20  1:17  Probe  
  20  1:25  Cybernetics Core  
  21  1:29  Probe  
  22  1:35  Pylon  
  22  1:41  Probe  
  23  1:52  Warp Gate  
  23  1:54  Probe  
  24  2:01  Stalker  
  24  2:02  Sentry  
  24  2:06  Probe  
  29  2:15  Pylon  
  29  2:27  Stalker  
  31  2:33  Stalker  
  33  2:43  Pylon  
  32  2:57  Stalker  
  34  3:03  Stalker  
  36  3:07  Nexus  
  36  3:20  Pylon  
  36  3:23  Probe  
  37  3:28  Twilight Council  
  37  3:35  Probe  
  38  3:47  Probe  
  39  3:54  Stalker x2  
  43  3:59  Probe  
  43  4:00  Blink  
  44  4:12  Robotics Facility, Probe  
  44  4:15  Probe  
  45  4:20  Probe  
  45  4:23  Probe  
  46  4:29  Probe  
  48  4:37  Probe  
  50  4:39  Adept x2  
  54  4:48  Probe  
  54  4:49  Shield Battery, Probe  
  56  4:54  Observer  
  56  4:55  Shield Battery  
  56  5:00  Probe  
  56  5:02  Probe  
  59  5:09  Pylon  
  59  5:13  Probe  
  59  5:14  Probe  
  61  5:19  Immortal  
  63  5:34  Stalker x2  
  67  5:39  Gateway  
  67  5:40  Gateway  
  67  5:43  Probe x2  
  67  5:55  Charge  
  67  5:56  Observer  
  67  5:57  Gateway x2  
  67  6:00  Pylon x2  
  67  6:04  Assimilator  
  67  6:09  Immortal  
  67  6:10  Assimilator  
  67  6:13  Templar Archives  
  67  6:21  Probe  
  67  6:22  Probe  
  73  6:28  Zealot x2  
  77  6:40  Shield Battery, Zealot x2  
  81  6:54  High Templar x2  
  85  6:57  Archon  
  85  6:59  Zealot  
  85  7:06  Pylon  
  85  7:08  Pylon  
  85  7:14  Shield Battery, Observer  
  85  7:17  Pylon  
  85  7:25  High Templar x2, Zealot x2  
  85  7:27  Zealot x2  
  85  7:28  Pylon  
  85  7:29  Archon  
  97  7:30  Immortal  
  101  7:37  Probe  
  98  7:50  Stalker x3  
  104  7:58  Warp Prism  
  106  8:13  Forge  
  106  8:16  High Templar x2, Zealot x3  
  116  8:20  Archon  
  116  8:27  Observer  
  116  8:32  Pylon  
  111  9:05  Zealot x2  
  101  9:14  Nexus  
  95  9:17  Pylon  
Show
View Real Time Build Order
Export as new Build Order

Raze Protoss 

Build Orders: Phoenix Opening 

Get SALT Encoding   

  12  0:00  Probe  
  13  0:12  Probe  
  14  0:17  Pylon  
  14  0:23  Probe  
  15  0:31  Probe  
  16  0:36  Gateway  
  16  0:39  Probe  
  16  0:45  Assimilator  
  17  0:50  Probe  
  17  0:55  Assimilator  
  18  0:58  Probe  
  19  1:06  Probe  
  19  1:07  Gateway  
  20  1:17  Probe  
  20  1:25  Cybernetics Core  
  21  1:29  Probe  
  22  1:35  Pylon  
  22  1:42  Probe  
  23  1:54  Probe  
  24  2:06  Stargate  
  24  2:07  Stalker  
  26  2:08  Stalker  
  28  2:16  Pylon  
  28  2:19  Warp Gate  
  28  2:25  Pylon  
  28  2:49  Phoenix  
  30  3:01  Nexus  
  30  3:14  Robotics Facility  
  30  3:33  Probe  
  35  3:41  Probe  
  35  3:44  Pylon  
  36  3:53  Probe  
  36  3:59  Void Ray  
  36  4:02  Immortal  
  41  4:06  Probe  
  41  4:09  Probe  
  43  4:17  Probe  
  43  4:18  Probe  
  43  4:23  Sentry x2  
  49  4:30  Probe  
  50  4:33  Gateway  
  50  4:37  Gateway  
  48  4:39  Probe  
  49  4:49  Void Ray  
  49  4:52  Probe  
  54  4:54  Probe  
  54  4:58  Pylon  
  55  5:01  Immortal  
  55  5:04  Probe  
  55  5:06  Probe  
  59  5:21  Adept x2  
  62  5:30  Probe  
  62  5:31  Probe  
  64  5:40  Warp Prism  
  66  5:57  Adept x2  
  66  5:59  Pylon  
  66  6:01  Pylon  
  70  6:18  Adept x4  
  70  6:23  Pylon, Immortal  
  78  6:43  Adept x3  
  78  6:45  Stalker  
  86  6:47  Pylon  
  86  6:59  Pylon  
  86  7:07  Adept x3  
  86  7:08  Adept  
  94  7:11  Pylon  
  94  7:18  Immortal, Probe x2  
  94  7:20  Assimilator  
  94  7:22  Assimilator  
  100  7:30  Probe x2  
  100  7:33  Pylon  
  102  7:46  Probe  
  103  7:54  Probe  
  103  7:58  Robotics Bay  
  94  8:06  Robotics Facility  
  94  8:14  Observer  
  94  8:16  Probe  
  96  8:20  Pylon  
  96  8:28  Adept x4  
  104  8:37  Gateway  
  104  8:38  Disruptor  
  104  8:39  Gateway  
  97  8:44  Disruptor  
  93  8:51  Adept x3  
  66  9:12  Adept x2  
  66  9:13  Adept x2  
Tags
 
Add a new tag
Caveats
  • Supply blocks, unpowered buildings, or Contaminate may cause inaccurate times.
  • Supply counts are checked every 10 seconds.